 Dungeon Crawl Stone Soup version 0.19-a0-1920-g83281cb (webtiles) character file.

70865 Lochraine the Severer (level 15, -6/123 HPs)
             Began as a Hill Orc Monk on Oct 23, 2016.
             Was an Elder of Qazlal.
             Mangled by a reaper
             ... wielding a +3 scythe of protection
              (24 damage)
             ... on level 2 of the Abyss.
             The game lasted 01:59:53 (23573 turns).

Lochraine the Severer (Hill Orc Monk)              Turns: 23573, Time: 01:59:54

Health: -6/123     AC: 17    Str: 25    XL:     15   Next: 34%
Magic:  24/26      EV: 20    Int: 10    God:    Qazlal [****..]
Gold:   763        SH:  8    Dex: 16    Spells: 4 memorised, 15 levels left

rFire  + + .     SeeInvis .     a - +2 battleaxe
rCold  . . .     Gourm    .     M - +3 leather armour {rC+}
rNeg   . . .     Faith    .     (shield currently unavailable)
rPois  +         Spirit   .     R - +2 helmet
rElec  .         Reflect  +     (no cloak)
rCorr  .         Harm     .     x - +2 pair of gloves
MR     +....     Clarity  +     I - +2 pair of boots
Stlth  ++........               Q - +3 amulet of reflection
                                y - ring "Agywkeqaar" {Fire +Fly rPois Str+5 Dex-3}
                                i - +5 ring of slaying

@: agile, slightlycontaminated, hasted, repel missiles, very quick
A: see invisible, blurry vision 2, clarity, fire resistance 1, slow regeneration
1
a: Upheaval, Elemental Force, Renounce Religion, Evoke Flight


You were on level 2 of the Abyss.
You worshipped Qazlal.
Qazlal was greatly pleased with you.
You were very hungry.

You visited 2 branches of the dungeon, and saw 18 of its levels.
You visited the Abyss 1 time.
You visited 1 bazaar.
You also visited: Labyrinth and Ossuary.

You collected 1555 gold pieces.
You spent 792 gold pieces at shops.

Inventory:

Hand Weapons
 a - a +2 battleaxe (weapon)
 A - the +7 trident of Grace {holy, rF+}
   (You found it on level 1 of the Lair of Beasts)

   It has been blessed by the Shining One to cause great damage to the undead
   and demons.
   It protects you from fire.
 K - a +2 executioner's axe of distortion
Armour
 x - a +2 pair of gloves (worn)
 I - a +2 pair of boots (worn)
 M - a +3 leather armour of cold resistance (worn)
 R - a +2 helmet (worn)
Rods
 b - a +0 rod of clouds (4/14)
   (You found it on level 9 of the Dungeon)
Jewellery
 i - a +5 ring of slaying (left hand)
 q - an uncursed ring of resist corrosion
 y - the ring "Agywkeqaar" (right hand) {Fire +Fly rPois Str+5 Dex-3}
   (You found it on level 12 of the Dungeon)

   [ring of fire]

   It enhances your fire magic.
   It affects your strength (+5).
   It affects your dexterity (-3).
   It protects you from fire.
   It makes you vulnerable to cold.
   It protects you from poison.
   It lets you fly.
 Q - a +3 amulet of reflection (around neck)
 W - an uncursed ring of protection from fire
Wands
 f - a wand of slowing (26/48)
 D - a wand of hasting (0/9)
 H - a wand of iceblast (0/15)
 J - a wand of iceblast (8/15)
 L - a wand of iceblast (4/15)
 S - a wand of digging (6/24)
Scrolls
 d - 7 scrolls of identify
 h - 2 scrolls of teleportation
 k - 12 scrolls of remove curse
 m - 4 scrolls of recharging
 n - 3 scrolls of immolation
 p - 3 scrolls of fear
 C - 2 scrolls of fog
 E - 4 scrolls of enchant armour
 P - a scroll of holy word
 Z - 2 scrolls of magic mapping
Potions
 l - 2 potions of agility
 o - a potion of curing
 t - a potion of resistance
 u - a potion of berserk rage
 z - 2 potions of brilliance
 F - a potion of flight
 N - a potion of magic
 V - a potion of might
Books
 e - a book of Battle

   Spells                             Type                      Level
   a - Infusion                       Charms                       1
   b - Shroud of Golubria             Charms/Translocation         2
   c - Song of Slaying                Charms                       2
   d - Spectral Weapon                Hexes/Charms                 3
   e - Regeneration                   Charms/Necromancy            3
 s - a book of Fire

   Spells                             Type                      Level
   a - Ignite Poison                  Fire/Transmutation/Poison    3
   b - Fireball                       Conjuration/Fire             5
   c - Bolt of Fire                   Conjuration/Fire             6
   d - Delayed Fireball               Conjuration/Fire             7
   e - Ring of Flames                 Charms/Fire                  7
 v - a book of Beasts

   Spells                             Type                      Level
   a - Summon Butterflies             Summoning                    1
   b - Call Canine Familiar           Summoning                    3
   c - Summon Ice Beast               Ice/Summoning                4
   d - Summon Mana Viper              Hexes/Summoning              5
   e - Summon Hydra                   Summoning                    7
 w - a book of Callings

   Spells                             Type                      Level
   a - Summon Small Mammal            Summoning                    1
   b - Call Imp                       Summoning                    2
   c - Call Canine Familiar           Summoning                    3
   d - Summon Guardian Golem          Hexes/Summoning              3
   e - Summon Lightning Spire         Summoning/Air                4
   f - Summon Ice Beast               Ice/Summoning                4
 O - a book of Party Tricks

   Spells                             Type                      Level
   a - Summon Butterflies             Summoning                    1
   b - Apportation                    Translocation                1
   c - Lesser Beckoning               Translocation                3
   d - Tukima's Dance                 Hexes                        3
   e - Alistair's Intoxication        Transmutation/Poison         5
   f - Invisibility                   Hexes                        6
Miscellaneous
 j - a disc of storms
 G - a lamp of fire
 X - a box of beasts
 Y - a crystal ball of energy
Comestibles
 c - 15 bread rations
 g - 7 beef jerkies
 B - 4 meat rations
 U - 5 fruits


   Skills:
 - Level 8.9 Fighting
 - Level 18.4 Axes
 - Level 10.6 Armour
 - Level 5.4 Dodging
 - Level 1.5 Stealth
 - Level 5.9 Spellcasting
 - Level 4.0 Hexes
 + Level 3.3 Charms
 - Level 3.0 Summonings
 + Level 0.0 Necromancy
 - Level 4.6 Translocations
 - Level 15.0 Invocations
 - Level 7.3 Evocations


You had 15 spell levels left.
You knew the following spells:

 Your Spells              Type           Power        Failure   Level  Hunger
a - Summon Butterflies    Summ           #.......     8%          1    None
b - Lesser Beckoning      Tloc           ##........   12%         3    ###....
c - Spectral Weapon       Hex/Chrm       ##......     17%         3    ###....
d - Regeneration          Chrm/Necr      #.........   38%         3    ###....


Dungeon Overview and Level Annotations

Branches:
Dungeon (12/15)            Temple (0/1) D:5            Lair (6/6) D:11
 Shoals (0/4) Lair:2        Snake (0/4) Lair:3          Orc (0/2) D:12
  Slime: Lair:5-6

Altars:
Ashenzari
Cheibriados
Gozag
Kikubaaqudgha
Makhleb
Okawaru
Qazlal
Ru
Sif Muna
Uskayaw
Vehumet
Xom
Zin
The Shining One

Shops:
D:5 [   D:9 !

Annotations:
D:4 Graouh's ghost, amateur MiFi
D:12 exclusion: ice statue
Lair:6 exclusion: oklob plant


Innate Abilities, Weirdness & Mutations

You have supernaturally acute eyesight. (SInv)
You possess an exceptional clarity of mind.
Your flesh is heat resistant. (rF+)
You regenerate slowly when monsters are visible.
[Scrolls take you longer to read.]


Message History

The reaper hits you from afar with a scythe of protection!
* * * LOW HITPOINT WARNING * * *
Okay, then.
You feel better.
Your mature weirdsting beast hits the reaper!
Your mature weirdsting beast stings the reaper but does no damage.
Your mature weirdsting beast constricts the reaper!
Press: ? - help, v - describe, . - travel
Here: a reaper, wielding a scythe of protection (heavily wounded, constricted by your mature weirdsting beast)
The floor.
Really read with blurry vision while enemies are nearby?
Okay, then.
You feel agile all of a sudden.
Your mature weirdsting beast hits the reaper but does no damage.
Your mature weirdsting beast stings the reaper but does no damage.
Your mature weirdsting beast constricts the reaper!
Evoke which item? (* to show all) (? for menu, Esc to quit)
Okay, then.
The reaper hits you from afar with a scythe of protection!!
You die...

#.# #.# (#.
#.# ... ###.#
..# #.#. ..# .
..## #.##
#.##.#.
#.#2###...##
..... ..
..#H#.....#.
...# ##
.###.@ยง......
# # ###.....#.
#...## #.##
..# ..# ...
.#.


You could see a reaper and a friendly mature weirdsting beast.

Vanquished Creatures
  Rupert (Lair:5)
  A minotaur (Lab)
  Josephine (D:12)
  The ghost of Graouh the Carver, a journeyman MiFi of Okawaru (D:11)
  3 hydras
  An ice dragon (Lair:6)
  A catoblepas (Lair:5)
  The ghost of kae the Carver, a novice FoFi of Okawaru (D:11)
  6 death yaks (Lair:6)
  Nergalle (D:11)
  Urug (Lair:5)
  4 hill giants
  2 lindwurms (Lair:6)
  4 wolf spiders
  2 ugly things (D:11)
  An oklob plant (Lair:6)
  A manticore (D:11)
  6 black mambas
  A guardian serpent (Lair:6)
  A rust devil (Abyss:2)
  5 torpor snails (Lair:6)
  16 spiny frogs
  2 centaur skeletons (D:10)
  3 gargoyles
  6 komodo dragons
  3 rime drakes
  An ancient zyme (Abyss:2)
  A freezing wraith (Abyss:2)
  A tyrant leech (Lair:6)
  4 trolls
  A polar bear (Lair:2)
  37 blink frogs
  13 hornets
  18 dream sheep
  5 slime creatures (D:12)
  12 hippogriffs
  4 wyverns (Lair:6)
  4 basilisks
  42 yaks
  4 wraiths (D:12)
  Grum (D:9)
  2 hungry ghosts
  7 nagas (Lair:3)
  A mottled dragon (D:12)
  A steam dragon (Lair:3)
  2 hell hounds (D:11)
  2 small abominations (Abyss:2)
  2 soldier ants (D:12)
  17 water moccasins
  12 porcupines
  A sky beast (D:10)
  A hornet zombie (Ossuary)
  2 orc warriors (D:12)
  An ice beast (D:11)
  3 black bears
  2 phantoms
  5 ogres
  6 wolves
  12 crocodiles
  11 centaurs
  2 big kobolds
  14 bullfrogs
  A water moccasin zombie (D:5)
  6 scorpions
  A water moccasin skeleton (D:6)
  4 killer bees (D:9)
  9 wights
  An electric eel (Lair:6)
  5 crimson imps
  2 starcursed masses (Abyss:2)
  3 bullfrog zombies
  7 hounds
  2 jellies
  A quasit (D:6)
  A centaur zombie (Ossuary)
  8 orc priests
  5 iguanas
  15 orc wizards
  6 hell rats (Lair:4)
  15 worker ants
  2 hound zombies
  10 mummies (Ossuary)
  4 worker ant zombies
  2 howler monkey zombies
  16 adders
  A shadow imp (D:12)
  An ufetubus (Abyss:2)
  An ooze (D:1)
  4 adder zombies (Ossuary)
  3 adder skeletons
  5 worms
  4 dart slugs
  5 leopard geckos
  49 orcs
  3 ball pythons
  2 giant cockroaches
  9 hobgoblins
  10 jackals
  16 kobolds
  4 quokkas
  8 bats
  6 frilled lizards
  12 goblins
  2 leopard gecko zombies (Ossuary)
  2 quokka skeletons
  2 quokka zombies
  10 rats
  17 fungi
  42 plants
  A spectral weapon (Lair:6)
674 creatures vanquished.

Vanquished Creatures (collateral kills)
  A deep elf elementalist (Abyss:2)
  A wyvern (Lair:2)
  2 yaks (Lair:2)
  2 water moccasins (Lair:6)
  A black bear (Lair:5)
  An orc warrior (D:10)
  A centaur (Lair:2)
  A wolf (D:9)
  A small abomination (Abyss:2)
  A mummy (Ossuary)
  A worker ant (Lair:6)
  An adder (Lair:6)
  A fungus (Lair:6)
  A plant (Lair:6)
16 creatures vanquished.

Vanquished Creatures (others)
  A spiny frog (Lair:6)
  A torpor snail (Lair:6)
  A tyrant leech (Lair:6)
  A dream sheep (Lair:6)
  A hornet (Lair:6)
  A wyvern (Lair:6)
  A yak (Lair:6)
  A bullfrog (Lair:2)
  A mummy (Ossuary)
  11 bushes
  20 fungi
  63 plants
  A spectral weapon (Abyss:2)
  3 withered plants (Ossuary)
107 creatures vanquished.

Grand Total: 797 creatures vanquished

Notes
Turn   | Place    | Note
-------+----------+-------------------------------------------
     0 | D:1      | Lochraine the Hill Orc Monk began the quest for the Orb.
     0 | D:1      | Reached XP level 1. HP: 19/19 MP: 1/1
   132 | D:1      | Reached XP level 2. HP: 6/27 MP: 2/2
   923 | D:1      | Reached XP level 3. HP: 15/33 MP: 3/3
   928 | D:1      | Reached skill level 5 in Axes
  1787 | D:2      | Reached XP level 4. HP: 22/40 MP: 4/4
  3058 | D:3      | Found an iron altar of Okawaru.
  3427 | D:3      | Reached skill level 6 in Axes
  3475 | D:4      | Found a stormy altar of Qazlal.
  3480 | D:4      | Became a worshipper of Qazlal Stormbringer
  3480 | D:4      | Reached * piety under Qazlal
  3480 | D:4      | Reached ** piety under Qazlal
  3489 | D:4      | Noticed Graouh's ghost (amateur MiFi)
  3491 | D:4      | Reached XP level 5. HP: 36/47 MP: 5/5
  3602 | D:4      | Found a shattered altar of Ashenzari.
  3695 | D:5      | Entered Level 5 of the Dungeon
  3808 | D:5      | Reached skill level 1 in Invocations
  3970 | D:4      | Reached XP level 6. HP: 47/55 MP: 6/6
  4023 | D:4      | Reached skill level 5 in Fighting
  4362 | D:4      | Reached skill level 7 in Axes
  4848 | D:5      | Found Qaopos's Antique Armour Shoppe.
  4916 | D:5      | Reached XP level 7. HP: 32/61 MP: 7/9
  5147 | D:5      | Reached skill level 8 in Axes
  5555 | D:5      | Found a staircase to the Ecumenical Temple.
  5733 | D:5      | Found a radiant altar of Vehumet.
  6194 | D:6      | Reached XP level 8. HP: 54/70 MP: 10/10
  6324 | D:6      | Found an ancient bone altar of Kikubaaqudgha.
  6325 | D:6      | Found a glowing golden altar of the Shining One.
  6327 | D:6      | Found a hide-covered altar of Uskayaw.
  6329 | D:6      | Found a snail-covered altar of Cheibriados.
  6329 | D:6      | Found a glowing silver altar of Zin.
  6334 | D:6      | Found a sacrificial altar of Ru.
  6403 | D:6      | Got a tattered robe
  6415 | D:6      | Identified the +1 robe "Togg" {-Cast MR+++ Int+2 Stlth+} (You found it on level 6 of the Dungeon)
  6715 | D:6      | Reached skill level 9 in Axes
  6715 | D:6      | Reached skill level 1 in Evocations
  7134 | D:7      | Noticed a hippogriff
  7192 | D:7      | Noticed a hippogriff
  7199 | D:7      | Killed a hippogriff
  7199 | D:7      | Reached skill level 5 in Invocations
  7255 | D:7      | Killed a hippogriff
  7255 | D:7      | Reached skill level 10 in Axes
  7255 | D:7      | Reached XP level 9. HP: 20/75 MP: 7/13
  7628 | D:7      | Found a sand-covered staircase.
  7634 | Ossuary  | Entered an ossuary
  7798 | Ossuary  | Reached skill level 1 in Armour
  7866 | Ossuary  | Your ally bog died
  8615 | D:7      | Found a deep blue altar of Sif Muna.
  8801 | D:8      | Reached skill level 11 in Axes
  9090 | D:8      | Found a burning altar of Makhleb.
  9319 | D:8      | Noticed a hornet
  9322 | D:8      | Killed a hornet
  9322 | D:8      | Reached XP level 10. HP: 83/83 MP: 16/16
  9801 | D:9      | Found an opulent altar of Gozag.
  9930 | D:9      | Reached *** piety under Qazlal
  9966 | D:9      | Identified a -1 rod of clouds (12/12) (You found it on level 9 of the Dungeon)
 10020 | D:9      | Found Izater's Distillery.
 10028 | D:9      | Bought a potion of curing for 39 gold pieces
 10028 | D:9      | Bought a potion of agility for 52 gold pieces
 10028 | D:9      | Bought a potion of might for 52 gold pieces
 10028 | D:9      | Bought a potion of heal wounds for 65 gold pieces
 10028 | D:9      | Bought a potion of curing for 39 gold pieces
 10035 | D:9      | Noticed Grum
 10056 | D:9      | Killed Grum
 10258 | D:9      | Reached skill level 5 in Evocations
 10379 | D:10     | Entered Level 10 of the Dungeon
 10616 | D:10     | Noticed a hill giant
 10624 | D:10     | Noticed a gargoyle
 10626 | D:10     | Killed a hill giant
 10626 | D:10     | Reached skill level 5 in Armour
 10626 | D:10     | Reached skill level 10 in Invocations
 11087 | D:10     | Noticed a gargoyle
 11100 | D:10     | Killed a gargoyle
 11100 | D:10     | Reached skill level 12 in Axes
 11415 | D:10     | Killed a gargoyle
 11415 | D:10     | Reached XP level 11. HP: 75/89 MP: 14/19
 11573 | D:10     | Found a glowing golden altar of the Shining One.
 11711 | D:11     | Noticed Graouh's ghost (journeyman MiFi)
 11844 | D:11     | Noticed kae's ghost (novice FoFi)
 11968 | D:11     | Killed Graouh's ghost
 12002 | D:11     | Killed kae's ghost
 12040 | D:11     | Found a labyrinth entrance.
 12060 | Lab      | Entered a labyrinth
 12524 | Lab      | Noticed a minotaur
 12535 | Lab      | Killed a minotaur
 12625 | D:11     | Found a staircase to the Lair.
 12635 | D:11     | Noticed a brown ugly thing
 12647 | D:11     | Killed a brown ugly thing
 12665 | D:11     | Noticed a manticore
 12682 | D:11     | Killed a manticore
 12878 | D:11     | Noticed Nergalle
 12887 | D:11     | Killed Nergalle
 12887 | D:11     | Reached skill level 13 in Axes
 12894 | D:11     | Noticed a brown ugly thing
 12896 | D:11     | Noticed a hill giant
 12913 | D:11     | Killed a brown ugly thing
 12919 | D:11     | Reached XP level 12. HP: 63/96 MP: 20/22
 13573 | D:12     | Found a shimmering altar of Xom.
 13574 | D:12     | Found a shimmering altar of Xom.
 13574 | D:12     | Found a shimmering altar of Xom.
 13575 | D:12     | Found a shimmering altar of Xom.
 13575 | D:12     | Found a shimmering altar of Xom.
 13575 | D:12     | Found a shimmering altar of Xom.
 13654 | D:12     | Found a staircase to the Orcish Mines.
 13669 | D:12     | Got a vibrating bronze ring
 13673 | D:12     | Identified the ring "Agywkeqaar" {Fire +Fly rPois Str+5 Dex-3} (You found it on level 12 of the Dungeon)
 13921 | D:12     | Noticed Josephine
 13929 | D:12     | Killed Josephine
 14013 | D:12     | Reached **** piety under Qazlal
 14111 | D:12     | Found a flickering gateway to a bazaar.
 14118 | Bazaar   | Entered a bazaar
 14137 | Bazaar   | Found Fimeutuwn's Food Shop.
 14150 | Bazaar   | Found Fabeiklu's Distillery.
 14150 | Bazaar   | Found Rosimn's Weapon Shop.
 14161 | Bazaar   | Bought a potion of berserk rage for 45 gold pieces
 14175 | Bazaar   | Found Bulat's Book Shop.
 14194 | Bazaar   | Bought a book of Party Tricks for 500 gold pieces
 14766 | D:12     | Noticed a shock serpent
 14773 | D:12     | a shock serpent changed into a merfolk
 15046 | Lair:1   | Entered Level 1 of the Lair of Beasts
 15414 | Lair:1   | Gained mutation: You possess an exceptional clarity of mind. [potion of mutation]
 15414 | Lair:1   | Gained mutation: You regenerate slowly when monsters are visible. [potion of mutation]
 15414 | Lair:1   | Gained mutation: Your flesh is heat resistant. (rF+) [potion of mutation]
 15424 | Lair:1   | Got a fine trident
 15425 | Lair:1   | Identified the +7 trident of Grace {holy, rF+} (You found it on level 1 of the Lair of Beasts)
 15678 | Lair:1   | Reached skill level 15 in Invocations
 16565 | Lair:2   | Reached skill level 14 in Axes
 16569 | Lair:2   | Reached skill level 5 in Dodging
 16808 | Lair:2   | Reached XP level 13. HP: 62/108 MP: 24/24
 17063 | Lair:2   | Learned a level 1 spell: Summon Butterflies
 17221 | Lair:2   | Found a staircase to the Shoals.
 17254 | Lair:2   | Reached ***** piety under Qazlal
 17256 | Lair:2   | Identified a +0 rod of inaccuracy (10/10) (You found it on level 2 of the Lair of Beasts)
 17499 | Lair:2   | Reached skill level 1 in Summonings
 17591 | Lair:3   | Reached skill level 1 in Spellcasting
 17662 | Lair:2   | HP: 4/110 [wolf spider (9)]
 17956 | Lair:2   | Learned a level 3 spell: Lesser Beckoning
 18024 | Lair:3   | Reached skill level 15 in Axes
 18024 | Lair:3   | Reached skill level 1 in Translocations
 18416 | Lair:3   | Gained mutation: You have supernaturally acute eyesight. (SInv) [potion of beneficial mutation]
 18609 | Lair:3   | Found a staircase to the Snake Pit.
 19936 | Lair:5   | Noticed Urug
 19941 | Lair:5   | Killed Urug
 19946 | Lair:5   | Noticed Rupert
 20359 | Lair:5   | Reached skill level 10 in Armour
 20376 | Lair:5   | Reached XP level 14. HP: 110/116 MP: 25/25
 20379 | Lair:5   | Killed Rupert
 20379 | Lair:5   | Reached skill level 16 in Axes
 21283 | Lair:6   | Entered Level 6 of the Lair of Beasts
 21760 | Lair:6   | Reached skill level 17 in Axes
 21830 | Lair:6   | Learned a level 3 spell: Spectral Weapon
 22157 | Lair:6   | Reached skill level 5 in Spellcasting
 22157 | Lair:6   | Reached skill level 1 in Hexes
 22484 | Lair:6   | Reached skill level 1 in Charms
 22611 | Lair:6   | Reached XP level 15. HP: 64/123 MP: 16/26
 22885 | Lair:6   | Reached skill level 18 in Axes
 23150 | Lair:6   | Found a runed door.
 23265 | Lair:6   | Paralysed by a hornet for 3 turns
 23319 | Lair:6   | Cast into level 2 of the Abyss (a distortion unwield)
 23515 | Abyss:2  | Noticed a deep elf elementalist
 23525 | Abyss:2  | Killed a deep elf elementalist
 23539 | Abyss:2  | Learned a level 3 spell: Regeneration
 23573 | Abyss:2  | Mangled by a reaper

Vault maps used:
D:1:      erik_arrival_triangle_small
D:2:      cheibrodos_greedy_goblins
D:3:      kennysheep_okawaru_gauntlet
D:4:      lemuel_doored_altar, ashenzari_altar_1
D:5:      kennysheep_mini_moat, serial_shops, shop_coins, first_bread
D:6:      grunt_temple_overflow_open
D:7:      nicolae_overflow_crystal_walls, nicolae_ossuary_entry_plus
D:8:      makhleb_heckhound_becter, grunt_ogre_cave
D:9:      grunt_gozag_breadcrumbs, serial_shops, shop, uniq_grum
D:10:     tso_altar
D:11:     minmay_lair_entry_lava, lab_entry_generic, uniq_nergalle
D:12:     lemuel_ice_statue, hiddenorc2_lemuel, serial_shops, bzr_entry_dummy,
          xom_shifter_show, uniq_josephine
Lair:2:   minmay_shoals_entry_centaurs, beast_lair_carwin_5
Lair:3:   minmay_lair_venomous_thicket, minmay_snake_entry_guardpost_medium,
          minmay_stone_trees_small
Lair:5:   lookout_lair_type, minivault_11, uniq_rupert, uniq_urug
Lair:6:   wormcave, hangedman_lair_tendril_chambers, slime_altar_1,
          serial_bayou_ford_a, grunt_forest_stairs_basic,
          minmay_lair_oklob_bushes
Abyss:2:  evilmike_abyss_exit_mutagenic
Lab:      labyrinth_mini_lab, lab_block
Bazaar:   bazaar_jpeg_honeycomb
Ossuary:  ossuary_zaba_flooded

Skill      XL: |  1  2  3  4  5  6  7  8  9 10 11 12 13 14 15 |
---------------+----------------------------------------------+-----
Axes           | 5 6 7 8 10 11 12 13 14 15 17 18 | 18.4
Fighting       | 4 5 6 8 |  8.9
Dodging        | 3 4 5 |  5.4
Invocations    | 1 2 3 5 8 11 13 15 | 15.0
Evocations     | 2 4 6 7 |  7.3
Armour         | 3 5 7 9 10 | 10.6
Summonings     | 3 |  3.0
Spellcasting   | 3 5 |  5.9
Translocations | 3 4 |  4.6
Hexes          | 2 4 |  4.0
Charms         | 2 3 |  3.3
Stealth        | |  1.5

Action                   |  1- 3 |  4- 6 |  7- 9 | 10-12 | 13-15 || total
-------------------------+-------+-------+-------+-------+-------++-------
Melee: Hand axe          |   169 |    90 |       |       |       ||   259
       War axe           |       |   116 |   297 |       |       ||   413
       Battleaxe         |       |       |    45 |   482 |   286 ||   813
       Trident           |       |       |       |     8 |       ||     8
       Executioner's axe |       |       |       |       |   247 ||   247
 Cast: Spectral Weapon   |       |       |       |       |     3 ||     3
Invok: Upheaval          |       |       |     8 |    10 |    19 ||    37
       Elemental Force   |       |       |       |     1 |     3 ||     4
       Disaster Area     |       |       |       |       |     1 ||     1
Evoke: Wand              |       |       |     7 |     8 |    15 ||    30
       Rod               |       |       |       |    33 |    10 ||    43
       Box of beasts     |       |       |       |     1 |     2 ||     3
       Lamp of fire      |       |       |       |       |     3 ||     3
       Phantom mirror    |       |       |       |       |     1 ||     1
  Use: Scroll            |       |     5 |    10 |    11 |    18 ||    44
       Potion            |       |       |     3 |     9 |    20 ||    32
 Stab: Sleeping          |     6 |       |       |       |       ||     6
       Distracted        |     1 |     1 |       |       |       ||     2
       Confused          |       |       |       |     9 |     2 ||    11
  Eat: Chunk             |     3 |     9 |    11 |    20 |    26 ||    69
       Beef jerky        |       |       |     1 |     1 |       ||     2
       Bread ration      |       |       |     1 |       |       ||     1
       Meat ration       |       |       |       |     4 |       ||     4
       Pizza             |       |       |       |     1 |       ||     1
       Fruit             |       |       |       |     1 |       ||     1
Armor: Robe              |    10 |       |    11 |       |       ||    21
       Leather armour    |    23 |    30 |       |       |    60 ||   113
       Scale mail        |       |    18 |    46 |       |       ||    64
       Plate armour      |       |       |    90 |   269 |   146 ||   505
Dodge: Dodged            |   116 |   119 |   148 |   151 |   227 ||   761
       Deflected         |       |       |       |     7 |     9 ||    16
Block: Other             |       |     7 |    42 |    81 |   170 ||   300
       Reflection        |       |       |       |       |     1 ||     1
